 Dungeon Crawl Stone Soup version 0.32-a0-975-g85d4e5bfdb (webtiles) character file.

Game seed: 16242501135747952579

488885 packetloss the Evocator (level 25, 0/203 HPs)
             Began as a Coglin Artificer on Apr 17, 2024.
             Was the Champion of Okawaru.
             Splashed by the Royal Jelly's acid (5 damage)
             ... on level 5 of the Pits of Slime on Apr 18, 2024.
             The game lasted 04:02:20 (55119 turns).

packetloss the Evocator (Coglin Artificer)         Turns: 55119, Time: 04:02:21

Health: 0/203      AC: 27    Str: 20    XL:     25   Next: 28%
Magic:  30/30      EV: 14    Int:  8    God:    Okawaru [******]
Gold:   7036       SH:  0    Dex: 22    Spells: 24/24 levels left

rFire   + + .        a - +11 Screaming Sword {sonic wave}
rCold   + . .        b - +9 double sword (holy) {Xiloxoch}
rNeg    . . .        T - +15 Maxwell's patent armour {-Cast -Tele rElec Will+ rCorr}
rPois   +            C - +1 hat of Lurrin {rPois Dex+4}
rElec   +            p - +1 cloak
rCorr   +            x - +2 pair of gloves of Sappuc {rF+ rC+ Int-4 Stlth+}
SInv    .            v - +2 pair of boots {rampage}
Will    +++..        (amulet unavailable)
Stlth   +            (ring unavailable)
HPRegen 1.33/turn    (ring unavailable)
MPRegen 0.22/turn    u - pneumatic matrix {RevParry, rF+ Will+}

%: no teleportation, no spellcasting, clarity, rampage
@: corroded, studying Stealth
A: off-hand wielding, slow wielding, warmup strikes, no jewellery, clarity,
regeneration 1, electricity resistance
}: 1/15 runes: gossamer
a: Renounce Religion, Heroism, Finesse, Duel


You were on level 5 of the Pits of Slime.
You worshipped Okawaru.
Okawaru was exalted by your worship.
You visited 13 branches of the dungeon, and saw 49 of its levels.
You also visited: Trove and Bailey.

You collected 10493 gold pieces.
You spent 3457 gold pieces at shops.

Inventory:

Hand Weapons
 a - the +11 Screaming Sword (weapon) {sonic wave}
   (You found it on level 6 of the Dungeon)
 b - a +9 double sword of holy wrath (offhand) {Xiloxoch}
 c - the +6 eveningstar "Gram" {spect, *Slow rPois rCorr Stlth+}
   (Okawaru gifted it to you on level 12 of the Dungeon)

   rPois:     It protects you from poison.
   rCorr:     It protects you from acid and corrosion.
   *Slow:     It may slow you when you take damage.
   Stlth+:    It makes you more stealthy.
 d - a +0 spectral demon blade
Missiles
 f - 11 boomerangs
 n - 9 curare-tipped darts
 s - 53 poisoned darts
 t - 35 atropa-tipped darts
 w - 11 silver javelins (quivered)
 B - 3 throwing nets
 J - 29 javelins
Armour
 h - the +0 pair of gloves of the gadgeteer {Gadgeteer Wandboost ^Fragile}
   (You found it on level 2 of the Lair of Beasts)

   Gadgeteer: Your evocable items recharge 30% faster and wands have a 30%
   chance to not spend a charge.
   Wandboost: Your wands are more powerful.
   ^Fragile:  It will be destroyed if unequipped.
 p - a +1 cloak (worn)
 r - a +2 helmet
 v - a +2 pair of boots of rampaging (worn)
 x - the +2 pair of gloves of Sappuc (worn) {rF+ rC+ Int-4 Stlth+}
   (You acquired it on level 2 of the Lair of Beasts)

   Int-4:     It affects your intelligence (-4).
   rF+:       It protects you from fire.
   rC+:       It protects you from cold.
   Stlth+:    It makes you more stealthy.
 C - the +1 hat of Lurrin (worn) {rPois Dex+4}
   (Okawaru gifted it to you on level 13 of the Dungeon)

   Dex+4:     It affects your dexterity (+4).
   rPois:     It protects you from poison.
 S - a scarf of repulsion
 T - the +15 Maxwell's patent armour (worn) {-Cast -Tele rElec Will+ rCorr}
   (You found it on level 3 of the Crypt)

   rElec:     It insulates you from electricity.
   Will+:     It increases your willpower.
   -Cast:     It prevents spellcasting.
   -Tele:     It prevents most forms of teleportation.
   rCorr:     It protects you from acid and corrosion.
 Y - a +1 buckler of protection
Gizmo
 u - a pneumatic matrix (installed) {RevParry, rF+ Will+}
   (You invented it yourself on level 3 of the Lair of Beasts)

   [pneumatic matrix]

   RevParry:  Your AC increases as you Rev (up to +5) and while fully Revved,
   your attacks may disarm enemies.
   rF+:       It protects you from fire.
   Will+:     It increases your willpower.
Wands
 i - a wand of quicksilver (7)
 l - a wand of flame (48)
 o - a wand of polymorph (13)
 q - a wand of roots (11)
 M - a wand of digging (11)
 Q - a wand of paralysis (10)
 Z - a wand of mindburst (9)
Scrolls
 g - 9 scrolls of blinking
 j - a scroll of enchant weapon
 k - 7 scrolls of enchant armour
 m - 5 scrolls of teleportation
 y - 4 scrolls of revelation
 A - 8 scrolls of fear
 D - a scroll of silence
 H - 3 scrolls of vulnerability
 L - 4 scrolls of fog
 W - 4 scrolls of poison
Potions
 e - 7 potions of haste
 z - 5 potions of heal wounds
 E - 4 potions of brilliance
 F - 2 potions of berserk rage
 G - 2 potions of magic
 I - 5 potions of resistance
 K - 9 potions of might
 N - 3 potions of cancellation
 O - 8 potions of ambrosia
 P - 4 potions of invisibility
 R - 3 potions of enlightenment
 U - 2 potions of lignification
 X - 9 potions of curing
Miscellaneous
 V - a phial of floods


   Skills:
 + Level 17.9 Fighting
 - Level 13.1(17.2) Short Blades
 + Level 19.5(21.1) Long Blades
 - Level 9.2 Maces & Flails
 + Level 16.1 Throwing
 + Level 15.3 Armour
 + Level 14.4 Dodging
 + Level 9.6 Stealth
 - Level 10.2 Invocations
 + Level 21.4 Evocations


You had 24 spell levels left.
You didn't know any spells.
Your spell library contained the following spells:

 Spells                   Type           Power      Damage    Failure   Level
 Freeze                   Ice            0%         1d3       99%         1
 Kiss of Death            Conj/Necr      0%         2d5       99%         1
 Magic Dart               Conj           0%         1d3       99%         1
 Necrotise                Necr           0%         1d4       99%         1
 Sandblast                Erth           0%         2d4       99%         1
 Slow                     Hex            0%         N/A       99%         1
 Blink                    Tloc           0%         N/A       100%        2
 Cigotuvi's Dreadful Rot  Necr/Alch/Air  0%         N/A       100%        2
 Ensorcelled Hibernation  Hex/Ice        0%         N/A       100%        2
 Jinxbite                 Hex            0%         N/A       100%        2
 Lesser Beckoning         Tloc           0%         N/A       100%        2
 Mercury Vapours          Alch/Air       0%         N/A       100%        2
 Momentum Strike          Conj/Tloc      0%         3d8       100%        2
 Scorch                   Fire           0%         2d5       100%        2
 Searing Ray              Conj           0%         2d4       100%        2
 Sublimation of Blood     Necr           0%         N/A       100%        2
 Confusing Touch          Hex            0%         N/A       100%        3
 Dazzling Flash           Conj/Hex       0%         N/A       100%        3
 Frozen Ramparts          Ice            0%         1d1       100%        3
 Fugue of the Fallen      Necr           0%         N/A       100%        3
 Hailstorm                Conj/Ice       0%         3d5       100%        3
 Mephitic Cloud           Conj/Alch/Air  0%         N/A       100%        3
 Ozocubu's Armour         Ice            0%         N/A       100%        3
 Passwall                 Erth           0%         N/A       100%        3
 Sigil of Binding         Hex            0%         N/A       100%        3
 Stone Arrow              Conj/Erth      0%         3d7       100%        3
 Swiftness                Air            0%         N/A       100%        3
 Vampiric Draining        Necr           0%         2d6       100%        3
 Volatile Blastmotes      Fire/Tloc      0%         2d10      100%        3
 Anguish                  Hex/Necr       0%         N/A       100%        4
 Brom's Barrelling Bould  Conj/Erth      0%         2d3       100%        4
 Cause Fear               Hex            0%         N/A       100%        4
 Flame Wave               Conj/Fire      0%         2d4       100%        4
 Fulminant Prism          Conj/Alch      0%         3d5       100%        4
 Ignite Poison            Fire/Alch      0%         N/A       100%        4
 Iskenderun's Mystic Bla Conj/Tloc 0%             2d3        (+2d1     100%        4
 Leda's Liquefaction      Alch/Erth      0%         N/A       100%        4
 Passage of Golubria      Tloc           0%         N/A       100%        4
 Petrify                  Alch/Erth      0%         N/A       100%        4
 Vhi's Electric Charge    Tloc/Air       0%         N/A       100%        4
 Arcjolt                  Conj/Air       0%         1d10      100%        5
 Borgnjor's Vile Clutch   Necr/Erth      0%         N/A       100%        5
 Curse of Agony           Necr           0%         N/A       100%        5
 Fireball                 Conj/Fire      0%         3d3       100%        5
 Freezing Cloud           Conj/Ice/Air   0%         6-21      100%        5
 Irradiate                Conj/Alch      0%         3d11      100%        5
 Lee's Rapid Deconstruct  Erth           0%         3d4*      100%        5
 Metabolic Englaciation   Hex/Ice        0%         N/A       100%        5
 Bombard                  Conj/Erth      0%         9d1       100%        6
 Dispersal                Tloc           0%         N/A       100%        6
 Eringya's Noxious Bog    Alch           0%         4d6       100%        6
 Gell's Gavotte           Tloc           0%         2d(11-16) 100%        6
 Permafrost Eruption      Ice/Erth       0%         2x4d1     100%        6
 Plasma Beam              Fire/Air       0%         2x1d10    100%        6
 Starburst                Conj/Fire      0%         6d3       100%        6
 Enfeeble                 Hex            0%         N/A       100%        7
 Manifold Assault         Tloc           0%         N/A       100%        7
 Rimeblight               Ice/Necr       0%         2d3       (prima100%   7
 Disjunction              Tloc           0%         N/A       100%        8
 Fulsome Fusillade        Conj/Alch      0%         (3-5)d4   100%        8
 Lehudib's Crystal Spear  Conj/Erth      0%         10d2      100%        8
 Maxwell's Capacitive Co  Air            0%         ∞         100%        8
 Fire Storm               Conj/Fire      0%         5d1       100%        9
 Polar Vortex             Ice            0%         N/A       100%        9
 Call Imp                 Summ           Unusable   N/A       N/A         2
 Martyr's Knell           Necr/Summ      Unusable   N/A       N/A         4
 Summon Lightning Spire   Summ/Air       Unusable   N/A       N/A         4
 Summon Forest            Summ/Tloc      Unusable   N/A       N/A         5
 Death Channel            Necr           Unusable   N/A       N/A         6
 Summon Hydra             Summ           Unusable   N/A       N/A         7
 Infestation              Necr           Unusable   N/A       N/A         8
 Dragon's Call            Summ           Unusable   N/A       N/A         9

Dungeon Overview and Level Annotations

Branches:
Dungeon (15/15)            Temple (1/1) D:6            Lair (5/5) D:10
 Shoals (1/4) Lair:3       Spider (4/4) Lair:3        Slime (5/5) Lair:4
    Orc (2/2) D:11            Elf (3/3) Orc:2        Vaults (4/5) D:13
  Crypt (3/3) Vaults:2       Tomb (1/3) Crypt:3      Depths (4/4) D:15
   Hell (visited)             Zot (0/5) Depths:4     Bailey (visited)
    Dis: Hell:1         Geh: Hell:1         Coc: Hell:1         Tar: Hell:1

Altars:
Ashenzari
Cheibriados
Dithmenos
Elyvilon
Fedhas
Gozag
Hepliaklqana
Kikubaaqudgha
Makhleb
Nemelex Xobeh
Okawaru
Qazlal
Ru
Sif Muna
Trog
Uskayaw
Vehumet
Wu Jian
Xom
Yredelemnul
Zin
The Shining One
Beogh
Jiyva
Lugonu

Shops:
D:10 (   D:11 (   Orc:1 (   Orc:2 *([=   Vaults:1 [   Vaults:2 (   Depths:2 =[*

Portals:
Hell: Depths:1 Depths:2 Depths:3 Depths:4
Abyss: Depths:3
Pandemonium: Depths:2
Ziggurat: Depths:2

Annotations:
Lair:5 flight gets blink scroll
Spider:2 exclusion: 2 downstairs
Spider:3 2 transporters, Horphaoge's ghost, adept MDCA
Slime:5 Royal Jelly
Elf:2 3 runed translucent doors
Elf:3 1 exclusion
Depths:4 2 transporters, Duof's ghost, veteran GnWn
Hell Geryon


Innate Abilities, Weirdness & Mutations

You can wield a second weapon in your off-hand.
It takes a long time for you to wield or remove held weapons.
Your first few attacks do less damage.
You cannot equip rings or amulets.
You possess an exceptional clarity of mind.
Your natural rate of healing is unusually fast.
You are resistant to electric shocks. (rElec)


Message History

The splash of acid misses you. The acid blob spits acid at you.
The splash of acid hits you! You resist. The acid corrodes you!
The acid blob spits acid at you. The splash of acid hits you! You resist.
The acid blob spits acid at you. The splash of acid hits you. You resist.
The Royal Jelly attacks as it pursues you!
The Royal Jelly barely misses you.
The Royal Jelly hits you but does no damage.
The Royal Jelly hits you!!
You are splashed with acid.
You resist. The Royal Jelly completely misses you.
The Royal Jelly attacks as it pursues you!
The Royal Jelly hits you but does no damage.
The Royal Jelly barely misses you. The acid blob spits acid at you.
The splash of acid hits you. You resist. The Royal Jelly hits you.
You are splashed with acid.
You resist.
The Royal Jelly hits you but does no damage.
The Royal Jelly attacks as it pursues you!
The Royal Jelly hits you but does no damage. x2
The Royal Jelly attacks as it pursues you!
The Royal Jelly hits you!!
* * * LOW HITPOINT WARNING * * *
You are splashed with acid.
You resist.
* * * LOW HITPOINT WARNING * * *
The Royal Jelly completely misses you.
The Royal Jelly hits you but does no damage.
The Royal Jelly hits you.
* * * LOW HITPOINT WARNING * * *
You are splashed with acid.
You resist.
* * * LOW HITPOINT WARNING * * *
The Royal Jelly hits you!!
* * * LOW HITPOINT WARNING * * *
You are splashed with acid.
You resist.
* * * LOW HITPOINT WARNING * * *
The Royal Jelly hits you!
* * * LOW HITPOINT WARNING * * *
You are splashed with acid.
You resist.
You die...

#............###............
#...........## ###..........
###........## ##.........
###....G.# #..........
#.....J## #..........
####....### ##.........
#....J..# #.........
###..J..## #.........
#...@...# ##........
##.....## ##.#..... ##...##
#####.## ##### ###


You could see the Royal Jelly, 2 acid blobs and a great orb of eyes.

Vanquished Creatures
  A juggernaut (Depths:4)
  Sojobo (Crypt:1)
  Vv (Crypt:1)
  Saint Roka (D:15)
  2 golden dragons
  Margery (Crypt:1)
  3 caustic shrikes
  Jory (Crypt:1)
  A bone dragon (Crypt:3)
  A hellephant (Crypt:1)
  2 tentacled monstrosities
  2 walking earthen tomes
  11 liches
  2 deep elf blademasters (Elf:3)
  2 quicksilver dragons
  A walking divine tome (D:15)
  Asterion (Vaults:1)
  2 deep elf master archers (Elf:3)
  10 acid blobs
  11 sphinxes
  Agnes (Elf:1)
  3 ancient champions
  Kirke (Lair:5)
  A shadow dragon (Vaults:4)
  3 azure jellies
  Donald (Spider:4)
  6 storm dragons
  4 rockslimes
  8 deep elf sorcerers
  8 tengu reavers
  2 revenants (Crypt:1)
  Aizul (Spider:2)
  A draconian monk (Depths:4)
  6 fire giants
  5 emperor scorpions
  8 frost giants
  An iron dragon (Depths:3)
  2 draconian shifters (Depths:4)
  2 balrugs (Crypt:3)
  11 vault wardens
  A juggernaut zombie (Crypt:3)
  Louise (Spider:3)
  The ghost of Umuuc the Bludgeoner, a journeyman DsGl of Hepliaklqana (D:15)
  A ghost moth (Spider:4)
  An orc warlord (Orc:2)
  5 deep elf elementalists
  A curse skull (Crypt:3)
  3 ghouls
  2 spriggan defenders (Depths:3)
  8 very ugly things
  A draconian annihilator (Depths:3)
  A caustic shrike skeleton (Crypt:3)
  10 ironbound preservers
  A broodmother (Spider:4)
  3 formless jellyfish (Vaults:1)
  10 ironbound thunderhulks
  19 stone giants
  2 deep elf demonologists (Elf:3)
  A black draconian (Depths:4)
  2 green draconians (Depths:4)
  6 vampire knights
  2 quicksilver oozes
  Nessos (D:14)
  9 deep elf death magi
  6 deep elf annihilators
  A yellow draconian (Depths:4)
  12 dire elephants
  4 war gargoyles
  4 spark wasps
  3 eidola
  2 white draconians (Depths:4)
  A mummy priest (Crypt:3)
  10 ettins
  5 fire dragons
  Snorg (D:11)
  8 entropy weavers
  8 yaktaur captains
  2 crystal guardians
  5 deep elf high priests
  15 great orbs of eyes
  8 jiangshi
  Erolcha (Orc:1)
  10 ice dragons
  A fenstrider witch zombie (Crypt:1)
  2 spriggan zombies
  A peacekeeper (Vaults:4)
  3 vault guards
  3 spriggan skeletons
  5 hydras
  3 rakshasas
  6 spriggan air magi
  2 jorogumos
  13 boulder beetles
  2 catoblepae (D:13)
  4 ironbound frosthearts
  A two-headed ogre (shapeshifter) (D:13)
  2 ogre magi
  2 centaur warriors
  7 radroaches
  22 dancing weapons
  2 death knights
  8 two-headed ogres
  8 deep troll earth magi
  3 deep troll shamans
  2 death yaks (Lair:3)
  8 occultists
  An orc high priest (Orc:2)
  4 tengu warriors
  6 vampire magi
  2 spriggan berserkers
  A shock serpent (shapeshifter) (Depths:3)
  15 hell knights
  Urug (D:11)
  16 demonic crawlers
  Sonja (Orc:1)
  Nergalle (Orc:2)
  5 iron trolls
  22 skeletal warriors
  A titan skeleton (Crypt:2)
  A salamander mystic (Depths:2)
  2 sixfirhies
  13 deep elf archers
  6 deep elf knights
  A flayed ghost (Crypt:2)
  A goliath frog (Lair:5)
  10 pharaoh ants
  2 orb spiders
  3 skysharks
  A deep troll (shapeshifter) (Vaults:3)
  A swamp dragon (shapeshifter) (Depths:3)
  2 bog bodies
  33 deep trolls
  17 glowing orange brains
  Lodul (D:13)
  2 spriggan simulacra (Crypt:1)
  2 thermic dynamos (Elf:3)
  A bunyip zombie (Crypt:1)
  2 bunyip skeletons
  An orb spider (shapeshifter) (Vaults:1)
  3 arcanists
  11 steelbarb worms
  An iron giant skeleton (Crypt:3)
  5 phantasmal warriors
  14 ironbound convokers
  15 orc knights
  9 harpies
  21 deep elf zephyrmancers
  19 deep elf pyromancers
  28 ugly things
  A harpy (shapeshifter) (Elf:2)
  9 lindwurms
  8 orc sorcerers
  A stone giant zombie (Tomb:1)
  8 necromancers
  5 manticores
  A shining eye (shapeshifter) (Depths:3)
  17 wolf spiders
  2 shining eyes
  3 moths of wrath (Spider:4)
  A stone giant skeleton (Crypt:3)
  4 salamanders
  5 cyclopes
  23 vault sentinels
  7 kobold blastminers
  A meliai (shapeshifter) (D:15)
  An elf skeleton (Vaults:3)
  14 elephants
  A shock serpent zombie (Crypt:2)
  A merfolk siren (Lair:3)
  2 fire giant skeletons (Vaults:3)
  4 meliai (Spider:4)
  3 eyes of devastation
  4 smoke demons (Crypt:3)
  An eye of devastation (shapeshifter) (Depths:1)
  2 black mambas
  A titan simulacrum (Tomb:1)
  4 torpor snails
  27 cane toads
  A dire elephant skeleton (Crypt:3)
  7 gargoyles
  2 kobold demonologists (D:12)
  A black draconian zombie (Crypt:2)
  3 rime drakes
  A centaur skeleton (Crypt:3)
  6 freezing wraiths
  A minotaur zombie (Crypt:1)
  19 yaktaurs
  7 komodo dragons
  3 tengu conjurers
  2 efreet
  A naga skeleton (Crypt:3)
  A guardian mummy (Crypt:3)
  2 merfolk (Lair:3)
  6 trolls
  A merfolk (shapeshifter) (Elf:3)
  A great orb of eyes zombie (Crypt:2)
  3 tyrant leeches (Lair:5)
  A wind drake (Lair:3)
  A harpy zombie (Crypt:3)
  14 blink frogs
  A harpy skeleton (Crypt:1)
  A hydra skeleton (Crypt:3)
  33 tarantellas
  22 jumping spiders
  A hornet (D:11)
  7 dream sheep (Lair:3)
  4 glass eyes
  88 slime creatures
  16 culicivoras
  2 air elementals (Elf:3)
  2 shadows (Crypt:3)
  An ettin skeleton (Crypt:1)
  2 vampires
  51 yaks
  9 wraiths
  An ushabti (Crypt:3)
  5 wyverns
  6 hogs (Lair:5)
  2 steam dragons
  A golden eye (Slime:5)
  Grum (Lair:1)
  9 vampire mosquitoes
  3 basilisks
  3 wargs
  A human simulacrum (Vaults:3)
  47 redbacks
  Menkaure (D:7)
  A naga zombie (Crypt:1)
  3 acid dragons
  A skyshark zombie (Crypt:1)
  13 water moccasins
  Duvessa (D:5)
  36 orc warriors
  An ice beast (D:7)
  A sky beast (D:5)
  4 black bears
  Pargi (D:3)
  9 laughing skulls
  8 centaurs
  A cane toad skeleton (Crypt:1)
  17 ogres
  A wolf (shapeshifter) (Vaults:1)
  A human skeleton (Vaults:3)
  11 wolves (Lair:1)
  3 kobold brigands (D:12)
  2 phantoms
  A brain worm (shapeshifter) (Elf:2)
  A salamander zombie (Crypt:1)
  Blork the orc (D:3)
  A draconian zombie (Crypt:2)
  20 bullfrogs
  A gnoll sergeant (D:11)
  3 earth elementals
  A naga simulacrum (Crypt:1)
  2 scorpions
  9 wights
  Dowan (D:5)
  A troll zombie (Crypt:1)
  5 killer bees (D:7)
  4 electric eels
  3 howler monkeys
  4 bombardier beetles
  A jelly (shapeshifter) (Elf:3)
  A jelly (D:6)
  18 orc priests
  A gnoll bouda (D:6)
  8 iguanas
  Ijyb (D:4)
  29 orc wizards
  2 sleepcaps
  5 hell rats
  An ogre zombie (Crypt:1)
  13 mummies
  Robin (D:3)
  15 gnolls
  7 adders
  4 shadow imps
  A white imp (D:7)
  3 dart slugs
  3 ribbon worms
  90 orcs
  10 endoplasms
  3 giant cockroaches
  29 goblins
  19 hobgoblins
  5 jackals
  2 quokkas
  14 ball pythons
  7 bats
  4 frilled lizards
  A jackal zombie (Crypt:1)
  12 kobolds
  7 rats
  A river rat zombie (Crypt:2)
1800 creatures vanquished.

Vanquished Creatures (others)
  An arcanist (D:8)
  A black mamba (shapeshifter) (Depths:4)
  An orc priest (Depths:1)
  A butterfly (Lair:1)
  3 spectral weapons
7 creatures vanquished.

Grand Total: 1807 creatures vanquished

Notes
Turn   | Place    | Note
-------+----------+-------------------------------------------
     0 | D:1      | packetloss the Coglin Artificer began the quest for the
                  | Orb.
     0 | D:1      | Reached XP level 1. HP: 15/15 MP: 1/1
   128 | D:1      | Reached XP level 2. HP: 21/21 MP: 2/2
   201 | D:1      | Reached skill level 1 in Maces & Flails
   223 | D:1      | You fall into a shaft and drop 1 floor!
   493 | D:1      | Reached XP level 3. HP: 26/26 MP: 3/3
  1180 | D:2      | Identified the +5 spear "Giromunu" {vamp, rPois Will+}
  1182 | D:2      | Got the Parchment of the Fjord
  1455 | D:2      | Reached skill level 2 in Maces & Flails
  1522 | D:2      | Reached XP level 4. HP: 28/33 MP: 4/4
  1555 | D:2      | Reached skill level 2 in Fighting
  1810 | D:3      | Noticed Robin
  1894 | D:3      | Killed Robin
  2036 | D:3      | Noticed Pargi
  2044 | D:3      | Killed Pargi
  2045 | D:3      | Reached skill level 3 in Maces & Flails
  2045 | D:3      | Reached skill level 5 in Evocations
  2045 | D:3      | Reached XP level 5. HP: 28/39 MP: 5/5
  2206 | D:3      | Found a faded altar of an unknown god.
  2260 | D:3      | Found a blossoming altar of Fedhas.
  2561 | D:3      | Reached skill level 3 in Fighting
  2561 | D:3      | Reached XP level 6. HP: 21/47 MP: 6/6
  2568 | D:3      | HP: 11/47 [poisoned by a scorpion]
  2731 | D:3      | HP: 7/43 [wight/+0 scimitar (7)]
  2905 | D:3      | Reached skill level 4 in Maces & Flails
  2962 | D:3      | Reached skill level 6 in Evocations
  3100 | D:4      | Noticed Blork the orc
  3107 | D:4      | Reached XP level 7. HP: 47/52 MP: 7/7
  3204 | D:3      | Killed Blork the orc
  3205 | D:3      | Reached skill level 2 in Armour
  3242 | D:4      | Reached skill level 5 in Maces & Flails
  3355 | D:4      | HP: 10/52 [orc warrior/+0 glaive (10)]
  3418 | D:4      | HP: 11/52 [scorpion (4)]
  3421 | D:4      | HP: 5/52 [poisoned by a scorpion]
  3425 | D:4      | Reached skill level 6 in Maces & Flails
  3425 | D:4      | Gained mutation: You are resistant to electric shocks.
                  | (rElec) [potion of mutation]
  3425 | D:4      | Gained mutation: Your natural rate of healing is unusually
                  | fast. [potion of mutation]
  3425 | D:4      | Gained mutation: Your mind is acute. (Int +4, Str/Dex -1)
                  | [potion of mutation]
  3426 | D:4      | HP: 4/52 [poisoned by a scorpion]
  3588 | D:4      | Reached XP level 8. HP: 59/59 MP: 8/8
  3733 | D:4      | Noticed Ijyb
  3747 | D:4      | Killed Ijyb
  3984 | D:5      | Entered Level 5 of the Dungeon
  4010 | D:5      | Reached skill level 7 in Maces & Flails
  4067 | D:5      | Noticed Duvessa
  4082 | D:5      | Noticed Dowan
  4095 | D:5      | Killed Duvessa
  4100 | D:4      | Reached skill level 8 in Maces & Flails
  4124 | D:5      | Killed Dowan
  4529 | D:6      | Reached skill level 9 in Maces & Flails
  4529 | D:6      | Reached XP level 9. HP: 57/64 MP: 9/9
  4596 | D:6      | Noticed a troll
  4597 | D:6      | Found the +11 Singing Sword {sonic wave}
  4631 | D:6      | Reached skill level 1 in Long Blades
  4644 | D:6      | Killed a troll
  4645 | D:6      | Reached skill level 3 in Long Blades
  4709 | D:6      | Reached skill level 4 in Long Blades
  4880 | D:6      | Found a staircase to the Ecumenical Temple.
  4898 | Temple   | Entered the Ecumenical Temple
  4928 | Temple   | Became a worshipper of Warmaster Okawaru
  4963 | D:6      | Reached skill level 5 in Long Blades
  5355 | D:7      | Reached skill level 6 in Long Blades
  5433 | D:7      | Reached * piety under Okawaru
  5587 | D:7      | Reached skill level 7 in Long Blades
  5595 | D:7      | Found a sacrificial altar of Ru.
  5600 | D:7      | Noticed Menkaure
  5605 | D:7      | Killed Menkaure
  5765 | D:7      | Reached XP level 10. HP: 70/70 MP: 10/10
  5936 | D:7      | Reached skill level 8 in Long Blades
  5968 | D:7      | Found a glowing silver altar of Zin.
  6066 | D:7      | Found a shadowy altar of Dithmenos.
  6066 | D:7      | Found a basalt altar of Yredelemnul.
  6281 | D:8      | Found a flagged portal.
  6294 | Bailey   | Entered a bailey
  6361 | Bailey   | Reached skill level 1 in Invocations
  6410 | Bailey   | Noticed an orc knight
  6421 | Bailey   | Killed an orc knight
  6421 | Bailey   | Reached ** piety under Okawaru
  6422 | Bailey   | Reached skill level 9 in Long Blades
  6422 | Bailey   | Reached skill level 2 in Invocations
  6501 | Bailey   | Noticed an orc warlord
  6515 | Bailey   | HP: 14/70 [orc warlord/+3 battleaxe (17)]
  6623 | Bailey   | Reached skill level 3 in Invocations
  6745 | D:8      | Found a bloodstained altar of Trog.
  6748 | D:8      | Noticed a wizard
  6754 | D:8      | Killed a wizard
  6842 | D:8      | Reached *** piety under Okawaru
  7084 | D:8      | Upgraded the game from 0.32-a0-953-g508020473e to
                  | 0.32-a0-960-g3814254bd7
  7183 | D:8      | Reached skill level 4 in Invocations
  7501 | D:9      | Noticed a two-headed ogre
  7545 | D:9      | Noticed a two-headed ogre
  7639 | D:9      | Reached skill level 10 in Long Blades
  7819 | D:10     | Entered Level 10 of the Dungeon
  7833 | D:10     | Reached **** piety under Okawaru
  7834 | D:10     | Reached XP level 11. HP: 75/75 MP: 14/14
  7835 | D:10     | Reached skill level 5 in Invocations
  7929 | D:9      | Killed a two-headed ogre
  8284 | D:9      | Killed a two-headed ogre
  8285 | D:9      | Reached skill level 1 in Dodging
  8489 | D:10     | Found a staircase to the Lair.
  8552 | D:10     | Found Ycuwim's Weapon Shoppe.
  8566 | D:10     | Reached skill level 4 in Fighting
  8718 | D:10     | Noticed a two-headed ogre
  8757 | D:9      | Reached skill level 11 in Long Blades
  9063 | D:10     | Killed a two-headed ogre
  9063 | D:10     | Reached ***** piety under Okawaru
  9281 | D:10     | Acquired a +6 double sword of holy wrath
  9323 | Lair:1   | Entered Level 1 of the Lair of Beasts
  9330 | Lair:1   | Reached skill level 2 in Dodging
  9339 | Lair:1   | Reached skill level 3 in Armour
  9367 | Lair:3   | Noticed a five-headed hydra
  9388 | Lair:2   | Reached skill level 6 in Invocations
  9415 | Lair:2   | Reached skill level 7 in Evocations
  9497 | Lair:2   | Received a gift from Okawaru
  9499 | Lair:2   | HP: 19/78 [poisoned by a cane toad]
  9504 | Lair:2   | HP: 16/78 [poisoned by a cane toad]
  9569 | Lair:1   | Noticed Grum
  9579 | Lair:1   | Reached skill level 3 in Dodging
  9583 | Lair:1   | Reached skill level 5 in Fighting
  9586 | Lair:1   | Reached XP level 12. HP: 43/86 MP: 16/16
  9589 | Lair:1   | HP: 14/86 [yak (10)]
  9594 | Lair:1   | HP: 13/86 [poisoned by Grum]
  9594 | Lair:1   | HP: 2/86 [Grum/-2 glaive of venom (11)]
  9634 | Lair:2   | Acquired the +2 pair of gloves of Sappuc {rF+ rC+ Int-4
                  | Stlth+}
  9687 | Lair:2   | HP: 18/78 [hell rat (5)]
  9689 | Lair:2   | HP: 8/78 [hell rat (14)]
  9706 | Lair:2   | Found an ancient bone altar of Kikubaaqudgha.
  9709 | Lair:2   | Found the +0 pair of gloves of the gadgeteer {Gadgeteer
                  | Wandboost ^Fragile}
  9764 | Lair:1   | Reached skill level 4 in Armour
  9785 | Lair:1   | Killed Grum
  9796 | Lair:1   | Acquired 1280 gold pieces
  9799 | Lair:1   | Acquired 527 gold pieces
  9910 | D:11     | Found a staircase to the Orcish Mines.
  9912 | D:11     | Found Povas's Weapon Boutique.
 10027 | D:11     | Reached skill level 8 in Evocations
 10086 | D:11     | Noticed Snorg
 10091 | D:11     | Killed Snorg
 10092 | D:11     | Reached skill level 1 in Throwing
 10225 | D:11     | Noticed Urug
 10281 | D:11     | Noticed a boulder beetle
 10288 | D:11     | Killed a boulder beetle
 10288 | D:11     | Received a gift from Okawaru
 10369 | Orc:1    | Entered Level 1 of the Orcish Mines
 10470 | Orc:1    | Noticed Sonja
 10526 | D:12     | Reached skill level 4 in Dodging
 10584 | D:12     | Reached skill level 6 in Fighting
 10584 | D:12     | Reached skill level 2 in Throwing
 10814 | D:12     | Reached skill level 5 in Armour
 10814 | D:12     | Reached skill level 7 in Invocations
 10816 | D:12     | Reached skill level 9 in Evocations
 10960 | D:12     | Reached skill level 12 in Long Blades
 11039 | D:12     | Reached skill level 3 in Throwing
 11041 | D:12     | Reached XP level 13. HP: 38/94 MP: 18/18
 11280 | D:12     | Received a gift from Okawaru
 11387 | D:13     | Found a portal to a secret trove of treasure.
 11425 | D:13     | Noticed Lodul
 11431 | D:13     | Killed Lodul
 11431 | D:13     | Reached ****** piety under Okawaru
 11486 | D:13     | Reached skill level 7 in Fighting
 11758 | D:13     | Reached skill level 4 in Throwing
 11796 | D:13     | Noticed an entropy weaver
 11803 | D:13     | Killed an entropy weaver
 11803 | D:13     | Received a gift from Okawaru
 11810 | D:13     | Acquired the +1 hat of Lurrin {rPois Dex+4}
 11810 | D:13     | Received a gift from Okawaru
 11828 | D:13     | Noticed an ironbound preserver
 11854 | D:14     | Reached skill level 10 in Evocations
 11857 | D:14     | Reached skill level 6 in Armour
 11923 | D:12     | Acquired the +6 eveningstar "Gram" {spect, *Slow rPois
                  | rCorr Stlth+}
 11923 | D:12     | Received a gift from Okawaru
 12221 | Lair:2   | Received a gift from Okawaru
 13156 | Lair:3   | Found a hole to the Spider Nest.
 13260 | Lair:3   | Reached skill level 5 in Throwing
 13269 | Lair:3   | Reached skill level 8 in Invocations
 13368 | Lair:3   | Reached XP level 14. HP: 104/104 MP: 20/20
 13461 | Lair:3   | Identified the +0 spear of the Poles {protect, rElec Int+6}
 13491 | Lair:3   | Reached skill level 8 in Fighting
 13630 | Lair:3   | Received a gift from Okawaru
 13790 | Lair:3   | Reached skill level 11 in Evocations
 13895 | Lair:3   | Found a staircase to the Shoals.
 13900 | Lair:3   | Reached skill level 7 in Armour
 13902 | Lair:3   | Acquired a pneumatic matrix {RevParry, rF+ Will+}
 14302 | Lair:4   | Reached skill level 13 in Long Blades
 14606 | Lair:4   | Found a viscous altar of Jiyva.
 14611 | Lair:4   | Found a staircase to the Slime Pits.
 14920 | Lair:4   | Received a gift from Okawaru
 15005 | Lair:5   | Entered Level 5 of the Lair of Beasts
 15013 | Lair:5   | Reached skill level 6 in Throwing
 15198 | Lair:5   | HP: 26/106 [goliath frog (10)]
 15204 | Lair:5   | HP: 22/106 [cane toad (12)]
 15205 | Lair:5   | HP: 10/106 [cane toad (14)]
 15298 | Lair:5   | Reached skill level 1 in Stealth
 15331 | Lair:5   | Received a gift from Okawaru
 15417 | Lair:5   | Acquired a manual of Throwing
 15445 | Lair:5   | Reached skill level 9 in Fighting
 15615 | Lair:5   | Noticed Kirke
 15689 | Lair:5   | Reached skill level 2 in Stealth
 15689 | Lair:5   | Reached skill level 12 in Evocations
 15767 | Lair:5   | Reached XP level 15. HP: 110/113 MP: 21/21
 15967 | Orc:1    | Killed Sonja
 15967 | Orc:1    | Received a gift from Okawaru
 15968 | Orc:1    | Reached skill level 7 in Throwing
 16077 | Orc:1    | Noticed Erolcha
 16086 | Orc:1    | Killed Erolcha
 16131 | Orc:1    | Found Webuom's Weapon Shop.
 16357 | Orc:2    | Entered Level 2 of the Orcish Mines
 16359 | Orc:2    | Found a staircase to the Elven Halls.
 16375 | Orc:2    | Reached skill level 8 in Armour
 16376 | Orc:2    | Noticed Nergalle
 16382 | Orc:2    | Reached skill level 9 in Invocations
 16385 | Orc:2    | Killed Nergalle
 16389 | Orc:2    | Noticed an orc warlord
 16393 | Orc:2    | Reached skill level 8 in Throwing
 16534 | Orc:2    | Killed an orc warlord
 16535 | Orc:2    | Reached skill level 5 in Dodging
 16564 | Orc:2    | Received a gift from Okawaru
 16801 | Orc:2    | Found a roughly hewn altar of Beogh.
 16853 | Orc:2    | Found Buamu's Antique Weapon Emporium.
 16869 | Orc:2    | Found Qucypt's Antique Armour Emporium.
 16903 | Orc:2    | Found Piusudeq's General Store.
 16965 | Orc:2    | Found Ricsaeh's Jewellery Emporium.
 17020 | Orc:2    | Found a roughly hewn altar of Beogh.
 17406 | Spider:1 | Entered Level 1 of the Spider Nest
 17499 | Spider:1 | HP: 13/105 [pharaoh ant (31)]
 17504 | Spider:1 | HP: 14/99 [jumping spider (3)]
 17510 | Spider:1 | HP: 16/102 [demonic crawler (6)]
 17511 | Spider:1 | Reached skill level 9 in Throwing
 17683 | Orc:2    | Bought a wand of quicksilver (6) for 302 gold pieces
 17683 | Orc:2    | Bought a wand of roots (5) for 144 gold pieces
 17699 | Orc:2    | Bought a pair of glowing boots for 315 gold pieces
 17713 | Orc:2    | Bought ice dragon scales for 2520 gold pieces
 17958 | Shoals:1 | Entered Level 1 of the Shoals
 18104 | Elf:1    | Entered Level 1 of the Elven Halls
 18119 | Elf:1    | Received a gift from Okawaru
 18380 | Elf:1    | Reached skill level 14 in Long Blades
 18429 | Elf:1    | Reached skill level 10 in Throwing
 18432 | Elf:1    | Reached skill level 10 in Fighting
 18518 | Elf:1    | HP: 23/115 [deep elf archer/arrow (8)]
 18520 | Elf:1    | Received a gift from Okawaru
 18521 | Elf:1    | Reached skill level 13 in Evocations
 18684 | Elf:1    | Reached XP level 16. HP: 98/122 MP: 22/22
 18827 | Elf:1    | Noticed Agnes
 18834 | Elf:1    | Killed Agnes
 19060 | Elf:1    | Found a roughly hewn altar of Beogh.
 19076 | Elf:1    | Got Sif Muna's Collected Works on the Torch and the
                  | Wayfarer
 19098 | Elf:1    | Found a corrupted altar of Lugonu.
 19132 | Elf:1    | Reached skill level 11 in Throwing
 19132 | Elf:1    | Reached skill level 9 in Armour
 19146 | Elf:1    | Received a gift from Okawaru
 19659 | Elf:2    | Identified the +2 ring mail of Cotirgh {rC+ Regen+}
 19779 | Elf:2    | Found a runed translucent gate.
 19779 | Elf:2    | Found a runed translucent gate.
 19779 | Elf:2    | Found a runed translucent gate.
 19832 | Elf:2    | Found an ancient bone altar of Kikubaaqudgha.
 19842 | Elf:2    | Reached skill level 12 in Throwing
 20146 | Elf:3    | Entered Level 3 of the Elven Halls
 20363 | Elf:3    | Received a gift from Okawaru
 20600 | Elf:3    | Paralysed by an air elemental for 1 turns
 20728 | Elf:3    | Reached skill level 14 in Evocations
 20877 | Elf:3    | Reached skill level 11 in Fighting
 20883 | Elf:3    | Received a gift from Okawaru
 20910 | Elf:3    | Reached skill level 13 in Throwing
 21108 | Elf:3    | Identified the +0 ring mail "Avvineac" {*Corrode rC+ Str+6}
 21125 | Elf:3    | Reached XP level 17. HP: 131/131 MP: 23/23
 21696 | Elf:3    | Noticed a deep elf blademaster
 21705 | Elf:3    | Killed a deep elf blademaster
 22390 | Elf:3    | Noticed a Hell Sentinel
 22432 | Elf:3    | Identified the ring "Gum Efapoel" {rF+ rC+ Dex+5}
 22432 | Elf:3    | Noticed a deep elf master archer
 22450 | Elf:3    | HP: 25/131 [deep elf master archer/stone (23)]
 22453 | Elf:3    | Killed a deep elf master archer
 22589 | Elf:3    | Identified the +1 robe "Udoron" {Int+3 Archmagi}
 22589 | Elf:3    | Found the ring of the Octopus King {rC+ HP+2 AC+2 EV+2
                  | SH+2}
 22736 | Elf:3    | Reached skill level 10 in Armour
 22736 | Elf:3    | Received a gift from Okawaru
 23000 | Elf:3    | Reached skill level 15 in Long Blades
 23004 | Elf:3    | Identified the amulet "Siblex" {Regen+ Int+3}
 23004 | Elf:3    | Noticed a deep elf blademaster
 23013 | Elf:3    | Killed a deep elf blademaster
 23183 | Elf:3    | Identified the +0 robe of the Arcane {rPois Slay+2}
 23519 | Elf:3    | Noticed a deep elf master archer
 23530 | Elf:3    | Killed a deep elf master archer
 24281 | Elf:3    | Reached skill level 15 in Evocations
 24978 | Elf:3    | Identified the amulet "Zaros" {Faith rF- Str+3 Int+3}
 25885 | Elf:3    | Identified the staff of Riokka {*Slow +Blink rC+ Dex+3 Ice}
 25895 | Elf:3    | Got Sif Muna's Handbook of Quickened Tephra
 26460 | Lair:5   | Received a gift from Okawaru
 26804 | Lair:5   | Killed Kirke
 27206 | Spider:1 | Reached skill level 12 in Fighting
 27318 | Spider:1 | Reached skill level 6 in Dodging
 27730 | Spider:1 | Received a gift from Okawaru
 28205 | Spider:3 | Noticed Horphaoge's ghost (adept MDCA)
 28205 | Spider:3 | Found a transporter.
 28511 | Spider:2 | Reached skill level 7 in Dodging
 28515 | Spider:2 | Reached XP level 18. HP: 102/136 MP: 24/24
 28641 | Spider:2 | Reached skill level 11 in Armour
 28795 | Spider:2 | Received a gift from Okawaru
 28846 | Spider:2 | Identified the serpent talisman of Ghostly Knowledge {rF+}
 28846 | Spider:2 | Noticed Aizul
 28857 | Spider:2 | Killed Aizul
 29113 | Spider:2 | Identified the amulet of Gocvalyu {Reflect Fly rElec Dex+4
                  | SH+5}
 29384 | Spider:3 | Noticed Louise
 29406 | Spider:3 | Upgraded the game from 0.32-a0-960-g3814254bd7 to
                  | 0.32-a0-961-gd60f5e5fc7
 29559 | Spider:3 | Reached skill level 16 in Evocations
 29645 | Spider:3 | Found a transporter.
 29680 | Spider:3 | Killed Louise
 29801 | Spider:3 | Reached skill level 8 in Dodging
 30168 | Spider:4 | Entered Level 4 of the Spider Nest
 30222 | Spider:4 | Received a gift from Okawaru
 30289 | Spider:4 | Reached skill level 16 in Long Blades
 30737 | Spider:4 | Received a gift from Okawaru
 30798 | Spider:4 | Reached skill level 13 in Fighting
 30843 | Spider:4 | Noticed Donald
 30855 | Spider:4 | Killed Donald
 30856 | Spider:4 | Reached skill level 9 in Dodging
 30999 | Spider:4 | HP: 34/143 [demonic crawler (4)]
 30999 | Spider:4 | HP: 11/143 [demonic crawler (6)]
 31004 | Spider:4 | HP: 30/143 [poisoned by an emperor scorpion]
 31009 | Spider:4 | HP: 31/143 [poisoned by an emperor scorpion]
 31252 | Spider:4 | Received a gift from Okawaru
 31641 | Spider:4 | Got a gossamer rune of Zot
 31745 | Spider:4 | Upgraded the game from 0.32-a0-961-gd60f5e5fc7 to
                  | 0.32-a0-975-g85d4e5bfdb
 31878 | Lair:3   | HP: 27/143 [rock wall collision (19)]
 31996 | Lair:3   | Found a hole to the Spider Nest.
 32406 | Lair:3   | Found a staircase to the Shoals.
 32811 | D:11     | Killed Urug
 32812 | D:11     | Reached XP level 19. HP: 149/149 MP: 26/26
 32878 | D:13     | Found a gate to the Vaults.
 32905 | D:13     | Reached skill level 1 in Short Blades
 32905 | D:13     | Reached skill level 17 in Evocations
 33068 | D:14     | Reached skill level 10 in Dodging
 33183 | D:14     | Noticed Nessos
 33245 | D:14     | Reached skill level 12 in Armour
 33314 | D:14     | Reached skill level 2 in Short Blades
 33386 | D:14     | Killed Nessos
 33507 | D:15     | Entered Level 15 of the Dungeon
 33542 | D:15     | Received a gift from Okawaru
 33643 | D:14     | Got Ts'ui Pên's Catalogue of Forking Paths
 33650 | D:14     | Got Qyacaemaud's Elucidation of Axaxaxas mlö
 33693 | D:14     | Got the Grimoire of Sand
 34130 | D:15     | Reached skill level 3 in Short Blades
 34203 | D:15     | Found a staircase to the Depths.
 34547 | D:15     | Found a white marble altar of Elyvilon.
 34576 | D:15     | Found a large runed translucent door.
 34577 | D:15     | Found a large runed translucent door.
 34579 | D:15     | Noticed Umuuc's ghost (journeyman DsGl)
 34802 | Depths:1 | Entered Level 1 of the Depths
 34808 | Depths:1 | Reached skill level 4 in Short Blades
 35015 | Vaults:1 | Entered Level 1 of the Vaults
 35110 | Vaults:1 | Paralysed by a sphinx for 5 turns
 35378 | Vaults:1 | Reached skill level 5 in Short Blades
 35543 | Vaults:1 | Identified the +1 pair of gloves of the Cockatrice {Str+2}
 35688 | Vaults:1 | Reached skill level 10 in Invocations
 35969 | Vaults:1 | Received a gift from Okawaru
 35990 | Vaults:1 | Reached skill level 14 in Fighting
 36140 | Vaults:1 | Found Vubreel's Armour Shoppe.
 36186 | Vaults:1 | Noticed Asterion
 36199 | Vaults:1 | Killed Asterion
 36223 | Vaults:1 | Received a gift from Okawaru
 36224 | Vaults:1 | Reached skill level 6 in Short Blades
 36232 | Vaults:1 | Reached XP level 20. HP: 63/159 MP: 9/27
 36329 | Vaults:1 | Reached skill level 17 in Long Blades
 36779 | Vaults:2 | Reached skill level 11 in Dodging
 36900 | Vaults:2 | Found a staircase to the Crypt.
 36900 | Vaults:2 | Found a basalt altar of Yredelemnul.
 36901 | Vaults:2 | Found an ancient bone altar of Kikubaaqudgha.
 37050 | Vaults:2 | Reached skill level 18 in Evocations
 37225 | Vaults:2 | Found Oxteu's Antique Weapon Shoppe.
 37588 | Vaults:2 | Reached skill level 15 in Fighting
 37588 | Vaults:2 | Reached XP level 21. HP: 168/168 MP: 28/28
 37764 | Vaults:2 | Reached skill level 7 in Short Blades
 37769 | Vaults:2 | Received a gift from Okawaru
 38159 | Vaults:3 | Received a gift from Okawaru
 38237 | Vaults:3 | HP: 40/168 [sphinx (6)]
 38243 | Vaults:3 | HP: 35/168 [yaktaur captain (8)]
 38583 | Vaults:3 | Reached skill level 13 in Armour
 38591 | Vaults:3 | Reached skill level 8 in Short Blades
 38612 | Vaults:3 | Received a gift from Okawaru
 38706 | Vaults:3 | Reached skill level 12 in Dodging
 39752 | Vaults:3 | Reached skill level 14 in Throwing
 39894 | Vaults:4 | Found the amulet of the Four Winds {rN+ Will+++ Clar}
 40248 | Vaults:4 | Acquired a manual of Stealth
 40318 | Vaults:4 | Reached XP level 22. HP: 119/176 MP: 22/29
 40561 | Vaults:4 | Reached skill level 9 in Short Blades
 40590 | Vaults:4 | Got Ceremo's Vellum of Profane Spells
 41006 | Vaults:4 | Received a gift from Okawaru
 41010 | Vaults:4 | Reached skill level 3 in Stealth
 41564 | Crypt:1  | Entered Level 1 of the Crypt
 41766 | Crypt:1  | Noticed Margery
 41803 | Crypt:1  | Killed Margery
 41946 | Crypt:1  | Reached skill level 4 in Stealth
 41967 | Crypt:1  | Received a gift from Okawaru
 42023 | Crypt:1  | Reached skill level 19 in Evocations
 42164 | Crypt:1  | Noticed Sojobo
 42172 | Crypt:1  | Killed Sojobo
 42277 | Crypt:1  | Noticed Vv
 42305 | Crypt:1  | Killed Vv
 42306 | Crypt:1  | Reached skill level 13 in Dodging
 42457 | Crypt:1  | Noticed Jory
 42470 | Crypt:1  | Killed Jory
 42498 | Crypt:3  | Entered Level 3 of the Crypt
 42529 | Crypt:3  | Reached skill level 10 in Short Blades
 42541 | Crypt:3  | Reached skill level 16 in Fighting
 42541 | Crypt:3  | Reached skill level 5 in Stealth
 42553 | Crypt:2  | Received a gift from Okawaru
 43262 | Crypt:3  | Reached skill level 18 in Long Blades
 43462 | Crypt:3  | Received a gift from Okawaru
 43502 | Crypt:3  | Reached skill level 6 in Stealth
 43553 | Crypt:3  | HP: 28/178 [phantasmal warrior[a curse skull] (21)]
 44252 | Crypt:3  | Reached XP level 23. HP: 184/184 MP: 30/30
 44549 | Crypt:3  | Identified the +4 sling of Exquisite Torment {heavy, rElec
                  | Will- Dex+4}
 44685 | Crypt:3  | Got Borgnjor's Precepts of Blasphemous Ceremonies
 44777 | Crypt:3  | Found the +15 Maxwell's patent armour {-Cast -Tele rElec
                  | Will+ rCorr}
 46138 | Crypt:3  | Found a staircase to the Tomb.
 46147 | Crypt:3  | Reached skill level 11 in Short Blades
 46179 | Crypt:3  | Identified the amulet of Muscho {Spirit rF++ rN++ Str-5}
 46714 | D:15     | Reached skill level 14 in Armour
 46716 | D:15     | Received a gift from Okawaru
 46918 | D:15     | Reached skill level 7 in Stealth
 47069 | D:15     | Reached skill level 14 in Dodging
 47120 | Depths:1 | Noticed Saint Roka
 47218 | D:15     | Killed Saint Roka
 47323 | Depths:1 | Received a gift from Okawaru
 47743 | Depths:1 | Found a gateway to Hell.
 47963 | Depths:2 | Reached skill level 15 in Throwing
 48005 | Depths:2 | Acquired 729 gold pieces
 48032 | Depths:2 | Noticed a caustic shrike
 48040 | Depths:2 | Killed a caustic shrike
 48136 | Depths:2 | Found a one-way gateway to a ziggurat.
 48189 | Depths:1 | Reached skill level 8 in Stealth
 48284 | Depths:2 | Reached skill level 20 in Evocations
 48329 | Depths:2 | Reached skill level 12 in Short Blades
 48383 | Depths:2 | Found Dezali's Jewellery Shop.
 48385 | Depths:2 | Found Tuiddeh's Antique Armour Boutique.
 48388 | Depths:2 | Found Mataq's General Store.
 48395 | Depths:2 | Bought a potion of might for 64 gold pieces
 48395 | Depths:2 | Bought a potion of curing for 48 gold pieces
 48395 | Depths:2 | Bought a scroll of fog for 64 gold pieces
 48442 | Depths:2 | Noticed a golden dragon
 48447 | Depths:2 | Received a gift from Okawaru
 48451 | Depths:2 | Killed a golden dragon
 48665 | D:13     | You paid a toll of +3 gold dragon scales to enter a
                  | treasure trove
 48666 | Trove    | Entered a treasure trove
 48681 | Trove    | Identified the +3 quarterstaff "Otetzyustu" {flame, Str+5}
 48727 | Trove    | Identified the ring of Zin's Supremacy {rPois rC+ MP+9}
 49172 | Depths:2 | Found a one-way gate leading to the halls of Pandemonium.
 49722 | D:15     | Killed Umuuc's ghost
 49883 | Depths:3 | Reached XP level 24. HP: 167/193 MP: 30/30
 50053 | Depths:3 | Reached skill level 17 in Fighting
 50061 | Depths:2 | Received a gift from Okawaru
 50288 | Depths:3 | Noticed a caustic shrike
 50388 | Depths:3 | Found a one-way gate to the infinite horrors of the Abyss.
 50499 | Depths:3 | HP: 48/195 [poison (poison gas)]
 50504 | Depths:3 | HP: 48/195 [poison (poison gas)]
 50689 | Depths:3 | Noticed a caustic shrike
 50699 | Depths:3 | Identified the ring of Uclyghih {rC+ Will+ Dex+3}
 50703 | Depths:3 | Killed a caustic shrike
 50992 | Depths:3 | Received a gift from Okawaru
 51131 | Depths:3 | Identified the +8 great sword of the Apocalypse {flame,
                  | rElec}
 51205 | Depths:3 | Reached skill level 13 in Short Blades
 51213 | Depths:3 | Reached skill level 19 in Long Blades
 51250 | Depths:3 | Identified the staff "Fih Vio" {rElec Dex+6 Fire Air}
 51253 | Depths:3 | Acquired 781 gold pieces
 51332 | Depths:3 | Identified the +5 war axe of Seanas Itil {flame, ^Contam
                  | rElec rPois rC- rN+++}
 51784 | Depths:4 | Entered Level 4 of the Depths
 51791 | Depths:4 | Received a gift from Okawaru
 51847 | Depths:4 | Found a transporter.
 51849 | Depths:4 | Noticed a caustic shrike
 51860 | Depths:4 | Found a transporter.
 51864 | Depths:4 | Noticed a caustic shrike
 51866 | Depths:4 | Noticed Duof's ghost (veteran GnWn)
 51887 | Depths:4 | Reached skill level 15 in Armour
 51965 | Depths:4 | Found an ancient bone altar of Kikubaaqudgha.
 52242 | Depths:4 | Found a gate to the Realm of Zot.
 52254 | Depths:4 | Reached skill level 21 in Evocations
 52792 | Depths:4 | Found a broken altar of Ashenzari.
 53093 | Depths:4 | Noticed a juggernaut
 53104 | Depths:4 | Killed a juggernaut
 53203 | Hell     | Entered the Vestibule of Hell
 53203 | Hell     | Noticed Geryon
 53274 | Depths:3 | Reached skill level 16 in Throwing
 53276 | Depths:3 | Killed a caustic shrike
 53661 | Tomb:1   | Entered Level 1 of the Tomb of the Ancients
 53727 | Tomb:1   | Reached XP level 25. HP: 203/203 MP: 30/30
 54131 | Slime:1  | Entered Level 1 of the Pits of Slime
 54135 | Slime:1  | Gained mutation: You possess an exceptional clarity of
                  | mind. [a shining eye]
 54144 | Slime:1  | Received a gift from Okawaru
 54159 | Slime:1  | Reached skill level 9 in Stealth
 54569 | Slime:5  | Entered Level 5 of the Pits of Slime
 54888 | Slime:5  | Lost mutation: Your mind is acute. (Int +4, Str/Dex -1) [a
                  | shining eye]
 55085 | Slime:5  | Received a gift from Okawaru
 55091 | Slime:5  | Noticed the Royal Jelly
 55117 | Slime:5  | HP: 47/203 [acid (4)]
 55119 | Slime:5  | HP: 19/203 [the Royal Jelly (30)]
 55119 | Slime:5  | HP: 5/203 [the Royal Jelly (11)]
 55119 | Slime:5  | Splashed by the Royal Jelly's acid

Illustrated notes

Levels and vault maps discovered:
D:1:      minmay_arrival_cross, layout_basic
D:2:      layout_loops_ring, kennysheep_generic_room_8
D:3:      layout_rooms, fedhas_altar_3, hellmonk_ecumenical_altar_run_dry,
          uniq_pargi, uniq_robin
D:4:      layout_cave_pools, uniq_blork_the_orc, uniq_ijyb
D:5:      layout_rooms, grunt_decor_resistance, uniq_duvessa
D:6:      layout_loops_ring, temple_green
D:7:      layout_basic, nicolae_ru_great_annihilating_truth,
          gammafunk_temple_overflow_wave, nicolae_overflow_crystal_walls,
          nicolae_letterblocks [nicolae_letter_subblock,
          nicolae_letter_subblock, nicolae_letter_subblock,
          nicolae_letter_subblock, nicolae_letter_subblock,
          nicolae_letter_subblock, nicolae_letter_subblock,
          nicolae_letter_subblock, nicolae_letter_subblock,
          nicolae_letter_subblock, nicolae_letter_subblock,
          nicolae_letter_subblock, nicolae_letter_subblock,
          nicolae_letter_subblock, nicolae_letter_subblock,
          nicolae_letter_subblock, nicolae_letter_subblock,
          nicolae_letter_subblock, nicolae_letter_subblock,
          nicolae_letter_subblock, nicolae_letter_subblock,
          nicolae_letter_subblock, nicolae_letter_subblock,
          nicolae_letter_subblock, nicolae_letter_subblock], uniq_menkaure
D:8:      layout_loops_ring, trog_wizard, enter_bailey_3
D:9:      layout_small_grid, roderic_roman_lattice
D:10:     layout_grid_maze, due_lair_maze_entry_diamond, serial_shops,
          nicolae_shop_trees
D:11:     layout_roguey, orc_david_3, uniq_urug, uniq_snorg
D:12:     layout_basic, minmay_fountain_box
D:13:     layout_rooms, hellmonk_vaults_order_and_chaos, enter_trove_1,
          uniq_lodul
D:14:     layout_cave_pools, bh_hangedman_babel_library, uniq_nessos
D:15:     hangedman_depths_entry_try_elsewhere_first, layout_gridville,
          ebering_ghost_disaster_area, lemuel_coloured_pillars_altar,
          minivault_12
Temple:   nicolae_temple_bog_church
Lair:1:   cheibrodos_lair_river_kwai, layout_layer_cave, st_stairs_6,
          lemuel_fruit_fields, serial_bayou_shore_a, lemuel_fruit_tree,
          uniq_grum
Lair:2:   layout_cave_shapes, basic_altar
Lair:3:   layout_roguey, elwin_shoals_entry_rooms, spider_nest_entry_web_field,
          wad_woods_road_05
Lair:4:   layout_hall_layers, dpeg_slime_entry_corner, serial_bayou_shore_b,
          grunt_megastairs_2
Lair:5:   minmay_lair_end_frog_pond, layout_big_grid, st_stairs_10,
          minmay_lindwurm_lava, uniq_kirke
Shoals:1: layout_shoals
Spider:1: layout_chambers, nicolae_spider_webs_and_nodes, nicolae_spider_shape
Spider:2: layout_spider_delve, uniq_aizul
Spider:3: layout_spider_delve, gammafunk_ghost_arena,
          hangedman_spider_tarantella_strand, uniq_louise
Spider:4: hellmonk_spider_rune_bug_friends, uniq_donald
Slime:1:  layout_caves
Slime:2:  layout_caves
Slime:3:  layout_caves
Slime:4:  layout_caves
Slime:5:  slime_pit_nicolae_amoeboid
Orc:1:    layout_caves, serial_shops, nicolae_shop_bloodbath_and_beyond,
          uniq_erolcha, uniq_sonja
Orc:2:    grunt_orc_cross, layout_caves, basic_altar
Elf:1:    eino_elf_arrival_customs, layout_gridlike,
          nicolae_elf_theology_debate, uniq_agnes
Elf:2:    nicolae_elf_blades_crystal_corner, layout_loops_corners, basic_altar,
          uniq_jorgrun
Elf:3:    minmay_elf_hall_curves, layout_onion_city
Vaults:1: v_misc_4, hangedman_surveillance_ring, hangedman_vaults_variations,
          hangedman_vaults_snaps, nicolae_vaults_mini_display_case,
          nicolae_vaults_three_branches, nicolae_vaults_stairing_the_circle,
          layout_vaults_omnibox, serial_shops, nicolae_shop_trees, uniq_asterion
Vaults:2: nicolae_vaults_yaktaur_gun_rack, nicolae_vaults_c_with_doors,
          minmay_crypt_entry_necro_gods, v_misc_26, vaults_dpeg_diagonal,
          nicolae_vaults_little_squares_3, vaults_room_fours, vaults_dpeg_ring,
          nicolae_vaults_mitosis, nicolae_vaults_angled_halls,
          vaults_dpeg_doors, nicolae_vaults_tetromino_Z_1,
          vaults_mumra_chevron_long, nicolae_vaults_tetromino_L_1,
          layout_vaults_maze_snakey, serial_shops, shop
Vaults:3: v_misc_2, nicolae_vaults_octagons, v_rooms_2,
          nicolae_vaults_closet_pinwheel_1, nicolae_vaults_border_crossing,
          nicolae_vaults_trapezoid_4, grunt_vaults_focal,
          vaults_standard_mumra_lines, layout_vaults_omnigrid
Vaults:4: vaults_mumra_chevron, hangedman_vaults_river_flow,
          nicolae_vaults_hexular_roomagon, nicolae_vaults_stepped_doors,
          ontoclasm_vaults_misaligned, nicolae_vaults_storage_room_water,
          nicolae_vaults_apartment_1, v_rooms_4, vaults_dpeg_hooks,
          nicolae_vaults_alarming, nicolae_vaults_tetromino_T_1,
          nicolae_vaults_murder_corner, nicolae_vaults_six-pack,
          layout_vaults_chaotic_city
Crypt:1:  layout_chaotic_city, uniq_margery, uniq_jory, uniq_sojobo, uniq_vv
Crypt:2:  layout_rooms
Crypt:3:  quadcrypt_mu
Tomb:1
Depths:1: layout_cave_pools, pf_hell_entry_great_geh, grunt_tough_drop,
          uniq_saint_roka
Depths:2: minmay_inside_and_out, layout_honeycomb, enter_ziggurat_c,
          rand_demon_pan_entry_7, hell_entry, kennysheep_decorative_pillar,
          minmay_shop_star
Depths:3: hangedman_pleasuredromes, abyss_entry, hell_entry
Depths:4: grunt_zot_entry_funnels, layout_basic, lemuel_tele_altar,
          gammafunk_ghost_berserking_beasts, hell_entry, kiku_gazebo_pond_becter
Hell

Skill      XL: |  1  2  3  4  5  6  7  8  9 10 11 12 13 14 15 16 17 18 19 20 21 22 23 24 25 |
---------------+----------------------------------------------------------------------------+-----
Maces & Flails | 1 2 3 4 6 9 |  9.2
Fighting       | 2 3 5 6 7 9 10 11 12 13 14 15 16 17 | 17.9
Evocations     | 5 6 7 9 10 12 13 14 15 16 17 18 19 20 21 | 21.4
Armour         | 2 3 5 6 7 8 9 10 11 12 13 14 15 | 15.3
Long Blades    | 7 10 11 12 13 14 15 16 17 18 19 | 19.5
Invocations    | 4 6 7 8 9 10 | 10.2
Dodging        | 3 4 5 7 9 10 11 12 13 14 | 14.4
Throwing       | 3 5 6 10 13 14 15 16 | 16.1
Stealth        | 2 6 8 9 |  9.6
Short Blades   | 6 8 10 12 13 | 13.1

Action                     |  1- 3 |  4- 6 |  7- 9 | 10-12 | 13-15 | 16-18 | 19-21 | 22-24 | 25-27 || total
---------------------------+-------+-------+-------+-------+-------+-------+-------+-------+-------++-------
  Melee: Club              |    91 |    29 |       |       |       |       |       |       |       ||   120
         Dagger            |    49 |    81 |       |    66 |       |       |       |       |       ||   196
         Whip              |    43 |   121 |   159 |    74 |       |       |       |       |       ||   397
         Flail             |       |       |   140 |       |       |       |       |       |       ||   140
         Double sword      |       |       |    38 |   477 |   471 |  1461 |  1094 |  2171 |   193 ||  5905
         Eveningstar       |       |       |       |       |   320 |       |       |       |       ||   320
         Scimitar          |       |       |       |       |   317 |       |       |       |       ||   317
         Unarmed           |       |       |       |       |       |       |     7 |       |       ||     7
  Throw: Dart              |       |       |       |     6 |    12 |       |       |       |       ||    18
         Throwing net      |       |       |       |     1 |       |       |       |       |       ||     1
         Boomerang         |       |       |       |       |   113 |    94 |   212 |   315 |   114 ||   848
         Javelin           |       |       |       |       |       |    23 |     2 |    12 |    10 ||    47
 Invoke: Heroism           |       |       |       |       |     2 |     8 |     2 |     8 |       ||    20
         Receive Weapon    |       |       |       |       |     1 |       |       |       |       ||     1
         Receive Armour    |       |       |       |       |     1 |       |       |       |       ||     1
         Finesse           |       |       |       |       |     1 |     4 |     2 |     5 |       ||    12
Ability: Invent Gizmo      |       |       |       |       |     1 |       |       |       |       ||     1
  Evoke: Wand              |       |    11 |     9 |    14 |    13 |    23 |     7 |    24 |       ||   101
         Phial of floods   |       |       |       |       |       |       |       |     2 |       ||     2
    Use: Scroll            |       |     5 |       |    17 |    11 |    10 |     5 |     9 |       ||    57
         Potion            |       |       |     2 |     5 |     4 |     3 |     2 |     2 |       ||    18
   Stab: Sleeping          |     1 |       |       |     1 |     6 |       |     3 |     4 |       ||    15
         Paralysed         |       |       |     1 |       |       |       |       |     4 |       ||     5
         Petrified         |       |       |       |       |     2 |       |       |       |       ||     2
         Distracted        |       |       |       |       |     5 |     3 |       |     5 |       ||    13
 Armour: Leather armour    |    93 |    36 |       |       |       |       |       |       |       ||   129
         Ring mail         |       |    51 |   150 |    66 |       |       |       |       |       ||   267
         Troll leather arm |       |       |       |   261 |   463 |       |       |       |       ||   724
         Ice dragon scales |       |       |       |       |    39 |   845 |   403 |   294 |       ||  1581
         Plate armour      |       |       |       |       |       |       |       |   722 |    98 ||   820
  Dodge: Dodged            |    53 |    57 |    74 |   193 |   295 |   437 |   311 |   491 |    48 ||  1959

Table legend: (Time is in decaauts)
 A = Elapsed time spent in this place.
 B = Non-inter-level travel time spent in this place.
 C = Inter-level travel time spent in this place.
 D = Time resting spent in this place.
 E = Time spent auto-exploring this place.
 F = Levels seen in this place.
 G = Mean time per level.
                   A        B        C        D        E       F      G
               +--------+--------+--------+--------+--------+-----+--------+
         Total |  54264 |  48458 |   5806 |   5717 |  24025 |  51 | 1064.0 |
       Dungeon |  14473 |  12636 |   1837 |   1618 |   6632 |  15 |  964.9 |
        Temple |     43 |     20 |     23 |      0 |      0 |   1 |   43.0 |
          Lair |   6443 |   5691 |    752 |    393 |   2617 |   5 | 1288.6 |
        Shoals |     34 |     34 |      0 |      0 |      0 |   1 |   34.0 |
   Spider Nest |   4800 |   4490 |    310 |    710 |   2063 |   4 | 1200.0 |
    Slime Pits |    917 |    879 |     38 |     39 |    120 |   5 |  183.4 |
  Orcish Mines |   1823 |   1526 |    297 |    200 |    649 |   2 |  911.5 |
   Elven Halls |   7911 |   7557 |    354 |    525 |   4691 |   3 | 2637.0 |
        Vaults |   6573 |   5696 |    877 |    844 |   2858 |   4 | 1643.2 |
         Crypt |   5186 |   4308 |    878 |    405 |   2223 |   3 | 1728.7 |
          Tomb |    124 |    124 |      0 |      0 |      0 |   1 |  124.0 |
        Depths |   5441 |   5005 |    436 |    930 |   2171 |   4 | 1360.2 |
          Hell |     17 |     17 |      0 |      0 |      0 |   1 |   17.0 |
         Trove |     79 |     79 |      0 |      0 |      0 |   1 |   79.0 |
        Bailey |    395 |    395 |      0 |     52 |      0 |   1 |  395.0 |
               +--------+--------+--------+--------+--------+-----+--------+

Top non-repeatable levels by time:
   Elf:3: 5711 daAuts
 Crypt:3: 3533 daAuts
  Lair:3: 2347 daAuts
    D:15: 1918 daAuts
Depths:2: 1814 daAuts
Vaults:1: 1759 daAuts
Vaults:3: 1739 daAuts
Vaults:4: 1661 daAuts
Spider:1: 1512 daAuts
Spider:4: 1439 daAuts
Vaults:2: 1412 daAuts
  Lair:5: 1404 daAuts
   Elf:1: 1392 daAuts
Depths:4: 1389 daAuts
Depths:3: 1362 daAuts
